 Dungeon Crawl Stone Soup version 0.26-a0-661-g406de6ba63 (webtiles) character file.

Game seed: 13380837275718767824

543 lunkers the Covert (level 7, -3/43 HPs)
             Began as a Kobold Delver on Oct 8, 2020.
             Slain by a big kobold
             ... wielding a +0 club
              (9 damage)
             ... on level 3 of the Dungeon.
             The game lasted 00:09:51 (5360 turns).

lunkers the Covert (Kobold Delver)                  Turns: 5360, Time: 00:09:51

Health: -3/43      AC:  4    Str:  9    XL:     7   Next: 52%
Magic:  7/7        EV: 16    Int: 11    God:
Gold:   117        SH:  0    Dex: 19    Spells: 6/6 levels left

rFire    . . .     SeeInvis .   a - +0 short sword
rCold    . . .     Faith    .   (shield restricted)
rNeg     . . .     Spirit   .   b - +0 leather armour
rPois    .         Reflect  .   (no helmet)
rElec    .         Harm     .   (no cloak)
rCorr    .         Rampage  .   r - +0 pair of gloves (curse)
MR       .....                  (no boots)
Stlth    +++++.....             (no amulet)
HPRegen  0.14/turn              (no ring)
MPRegen  0.10/turn              (no ring)

@: no status effects
A: small, nightstalker 3
a: no special abilities


You were on level 3 of the Dungeon.
You visited 1 branch of the dungeon, and saw 5 of its levels.

You collected 117 gold pieces.

Inventory:

Hand Weapons
 a - a +0 short sword (weapon)
Missiles
 k - 3 curare-tipped darts {=f}
 s - 12 poisoned darts (quivered)
 A - 7 atropa-tipped darts {=f}
Armour
 b - a +0 leather armour (worn)
 r - a cursed +0 pair of gloves (worn)
Jewellery
 p - an uncursed ring of fire
Wands
 g - a wand of digging (3)
 j - a wand of flame (6)
Scrolls
 c - 2 scrolls of fog
 d - 2 scrolls of magic mapping
 h - 3 scrolls of blinking {unknown}
 l - 4 scrolls of remove curse {unknown}
 m - 2 scrolls of teleportation
 n - a scroll of noise {unknown}
 o - 8 scrolls of identify {unknown}
 u - a scroll of amnesia {unknown}
 v - a scroll of enchant weapon {unknown}
 y - a scroll of immolation {unknown}
Potions
 e - a potion of degeneration {unknown}
 f - a potion of haste
 i - 5 potions of curing {unknown}
 q - a potion of berserk rage {unknown}
 t - a potion of resistance {unknown}
 w - 2 potions of lignification {unknown}
 x - a potion of heal wounds {unknown}
 z - a potion of flight {unknown}
 B - a potion of mutation {unknown}


   Skills:
 + Level 4.2 Fighting
 + Level 5.9 Short Blades
 - Level 2.0 Throwing
 + Level 3.6 Dodging
 + Level 9.0 Stealth
 + Level 2.5 Evocations


You had 6 spell levels left.
You didn't know any spells.
Your spell library was empty.

Dungeon Overview and Level Annotations

Branches:
Dungeon (5/15)
 Temple: D:4-7

Altars:
Fedhas
Nemelex Xobeh
Okawaru
Vehumet


Innate Abilities, Weirdness & Mutations

You are small and have problems with some larger weapons.
You are completely attuned to the shadows.


Message History

Evoke which item? (* to show all) (? for menu, Esc to quit)
Aiming: Throw Flame
Press: ? - help, Shift-Dir - straight line, f/p - big kobold
Aim: a big kobold, wielding a +0 club (moderately wounded, very poisoned, slow)
The puff of flame hits the big kobold.
The big kobold is heavily wounded.
Evoke which item? (* to show all) (? for menu, Esc to quit)
Aiming: Throw Flame
Press: ? - help, Shift-Dir - straight line, f/p - big kobold
Aim: a big kobold, wielding a +0 club (heavily wounded, very poisoned, slow)
The puff of flame misses the big kobold.
The big kobold barely misses you.
Evoke which item? (* to show all) (? for menu, Esc to quit)
Aiming: Throw Flame
Press: ? - help, Shift-Dir - straight line, f/p - big kobold
Aim: a big kobold, wielding a +0 club (heavily wounded, very poisoned, slow)
The puff of flame hits the big kobold.
The big kobold is severely wounded.
The big kobold hits you with a +0 club!
You die...

#....#.......#.........
#....#......))((..(....
######....#########(........
....#......#.........(######
....'......'..........#
....#......#..........######
######....#########.........
#....#()(((()).....†...
#....#@K(..((#K...[....
#######################


You could see a big kobold (poisoned, slow).

Vanquished Creatures
  An ice beast (D:3)
  2 big kobolds (D:3)
  A howler monkey (D:4)
  2 iguanas (D:4)
  A worker ant (D:4)
  8 adders
  A shadow imp (D:5)
  3 worms
  2 dart slugs
  3 leopard geckos
  5 orcs
  2 ball pythons
  4 giant cockroaches
  8 goblins
  6 hobgoblins
  11 jackals
  3 quokkas
  9 bats
  3 frilled lizards
  A jackal skeleton (D:4)
  21 kobolds
  A quokka skeleton (D:4)
  4 rats
102 creatures vanquished.

Notes
Turn   | Place    | Note
-------+----------+-------------------------------------------
     0 | D:5      | lunkers the Kobold Delver began the quest for the Orb.
     0 | D:5      | Reached XP level 1. HP: 14/14 MP: 1/1
     7 | D:5      | Noticed a worker ant
   194 | D:5      | Noticed a jelly
   199 | D:5      | Reached XP level 2. HP: 16/19 MP: 2/2
   254 | D:5      | Found a radiant altar of Vehumet.
   260 | D:5      | Reached skill level 7 in Stealth
   291 | D:4      | Noticed a howler monkey
   374 | D:4      | Killed a howler monkey
   374 | D:4      | Reached XP level 3. HP: 15/23 MP: 3/3
   374 | D:4      | Reached XP level 4. HP: 18/28 MP: 4/4
  1470 | D:2      | Reached skill level 8 in Stealth
  1487 | D:2      | Reached XP level 5. HP: 30/32 MP: 5/5
  1516 | D:2      | Found a blossoming altar of Fedhas.
  2016 | D:1      | Reached skill level 5 in Short Blades
  3135 | D:2      | Found a blossoming altar of Fedhas.
  3316 | D:2      | You fall into a shaft and drop 2 floors!
  3516 | D:4      | Reached XP level 6. HP: 19/37 MP: 6/6
  3917 | D:4      | Reached skill level 1 in Throwing
  3917 | D:4      | Reached skill level 1 in Evocations
  4118 | D:2      | Found a radiant altar of Vehumet.
  4118 | D:2      | Found a sparkling altar of Nemelex Xobeh.
  5036 | D:2      | Found an iron altar of Okawaru.
  5213 | D:3      | Reached XP level 7. HP: 42/42 MP: 7/7
  5311 | D:3      | Reached skill level 9 in Stealth
  5317 | D:3      | HP: 2/43 [kobold (3)]
  5360 | D:3      | Slain by a big kobold

Illustrated notes

Levels and vault maps discovered:
D:1:      dpeg_arrival_orchard, layout_loops_ring
D:2:      lemuel_upstairs_altar, layout_loops_ring,
          nicolae_overflow_crystal_walls, gammafunk_temple_overflow_wave,
          hangedman_decor_riveting, fedhas_ov_isle_minmay
D:3:      minmay_goblin_kobold_castle, layout_rooms, minmay_misc_feat_alley
D:4:      layout_basic, nicolae_ru_the_path_less_chosen, fountainhead
D:5:      minmay_general_purpose_star, layout_cave_pools, vehumet_altar_wand_db

Skill      XL: |  1  2  3  4  5  6  7 |
---------------+----------------------+-----
Short Blades   | 3 4 5 |  5.9
Stealth        | 7 8 9 |  9.0
Throwing       | 1 2 |  2.0
Evocations     | 1 2 |  2.5
Dodging        | 3 |  3.6
Fighting       | 4 |  4.2

Action                   |  1- 3 |  4- 6 |  7- 9 || total
-------------------------+-------+-------+-------++-------
Melee: Short sword       |    19 |   280 |    49 ||   348
Throw: Dart              |     3 |    95 |    11 ||   109
Evoke: Wand              |       |       |     7 ||     7
  Use: Scroll            |     1 |     1 |       ||     2
 Stab: Distracted        |     1 |     1 |       ||     2
       Sleeping          |     2 |    14 |     1 ||    17
Armor: Leather armour    |     1 |    66 |     7 ||    74
Dodge: Dodged            |    10 |   226 |    36 ||   272

Table legend: (Time is in decaauts)
 A = Elapsed time spent in this place.
 B = Non-inter-level travel time spent in this place.
 C = Inter-level travel time spent in this place.
 D = Time resting spent in this place.
 E = Time spent auto-exploring this place.
 F = Levels seen in this place.
 G = Mean time per level.
                   A        B        C        D        E       F      G
               +--------+--------+--------+--------+--------+-----+--------+
         Total |   5321 |   4996 |    325 |    194 |   3915 |   5 | 1064.2 |
       Dungeon |   5321 |   4996 |    325 |    194 |   3915 |   5 | 1064.2 |
               +--------+--------+--------+--------+--------+-----+--------+

Top non-repeatable levels by time:
     D:4: 1578 daAuts
     D:2: 1484 daAuts
     D:3: 1165 daAuts
     D:1: 825 daAuts
     D:5: 268 daAuts
